 Dungeon Crawl Stone Soup version 0.20.0-6-gd3061e9 (webtiles) character file.

49 Hasart the Scratcher (level 3, 0/15 HPs)
             Began as a Felid Transmuter on May 28, 2017.
             Succumbed to an adder's poison
             ... on level 2 of the Dungeon.
             The game lasted 00:03:29 (2005 turns).

Hasart the Scratcher (Felid Transmuter)             Turns: 2005, Time: 00:03:29

Health: 0/15       AC:  1    Str:  6    XL:     3   Next: 51%
Magic:  6/7        EV: 18    Int: 15    God:
Gold:   62         SH:  0    Dex: 16    Spells: 3/6 levels left
                                        Lives:  0   Deaths: 0

rFire    . . .     SeeInvis +     - Unarmed
rCold    . . .     Gourm    .   (shield unavailable)
rNeg     . . .     Faith    .   (armour unavailable)
rPois    .         Spirit   .   (helmet unavailable)
rElec    .         Reflect  .   (cloak unavailable)
rCorr    .         Harm     .   (gloves unavailable)
MR       .....                  (boots unavailable)
Stlth    ++........             (no amulet)
Regen    0.1/turn               (no ring)
MPRegen  0.1/turn               (no ring)

@: lethally poisoned (0 -> -7), quick
A: no armour, no weapons or thrown items, stealth, claws 1, fangs 3, see
invisible, carnivore 3, speed 1, shaggy fur 1, slow metabolism 1, sharp paws
a: no special abilities


You were on level 2 of the Dungeon.
You were very full.

You visited 1 branch of the dungeon, and saw 3 of its levels.

You collected 62 gold pieces.

Inventory:

Missiles
 a - 37 arrows
Scrolls
 d - 2 scrolls of fog {unknown}
 e - a scroll of identify {unknown}
 f - a scroll of amnesia {unknown}
Books
 b - a book of Changes

   Spells                             Type                      Level
   a - Beastly Appendage              Transmutation                1
   b - Sticks to Snakes               Transmutation                2
   c - Spider Form                    Transmutation/Poison         3
   d - Ice Form                       Ice/Transmutation            4
   e - Blade Hands                    Transmutation                5
Comestibles
 c - a meat ration


   Skills:
 - Level 1.0 Fighting
 + Level 3.1 Dodging
 + Level 1.7 Stealth
 + Level 3.2 Unarmed Combat
 + Level 2.3 Spellcasting
 * Level 3.1 Transmutations


You had 3 spell levels left.
You knew the following spells:

 Your Spells              Type           Power        Failure   Level  Hunger
a - Beastly Appendage     Tmut           ##....       6%          1    #......
b - Sticks to Snakes      Tmut           ##......     9%          2    ###....


Dungeon Overview and Level Annotations

Branches:
Dungeon (3/15)

Altars:


Innate Abilities, Weirdness & Mutations

You cannot wear armour.
You are incapable of wielding weapons or throwing items.
Your paws allow you to move quietly. (Stealth)
You have sharp claws.
You have razor-sharp teeth.
You have supernaturally acute eyesight. (SInv)
You are carnivorous and can eat meat at any time.
You cover ground quickly.
You are covered in fur. (AC +1)
You have a slow metabolism.
Your sharp claws are effective at attacking unaware monsters.


Message History

You are lethally poisoned!
The adder poisons you!
You miss the adder.
The adder is severely wounded.
* * * LOW HITPOINT WARNING * * *
You feel sick. The adder misses you.
You closely miss the adder.
The adder is heavily wounded.
The adder barely misses you.
You barely miss the adder.
The adder is heavily wounded.
* * * LOW HITPOINT WARNING * * *
You feel sick. The adder barely misses you.
You scratch the adder.
You kill the adder!
Your Transmutations skill increases to level 3!
A goblin comes into view.
Things that are here:
a bread ration; an adder corpse You die...

♣....## #.#..##
##....... ♣♣♣...####
#.##..# #........
♣P.#.....### #.###.#
#.#...... P.##.###...##
#.###.####.##.....
.###)#####..##
#.#........#.....# ##
#..# ##..#
#.#.##.####......# #
##..#
##.###.#.##.####..#####
#...##
#..##...##..#....#
#.#..#
##...@%.>##.#..##.....
#.##.# ####..#.##...##
..... ##.##.#
#..#..##..###.>...
##..##.##
#..##..g....#...P.
#..###..#
#.####...##.#..P♣♣ #.##
##.# #.# #...###...


PP♣ #.# #.# ##.###...#.....PP . #.# #.# ####......#.#.# .♣♣♣. #(# #.#
#.....####....## .P♣.♣ There were no monsters in sight!

Vanquished Creatures
  2 adders (D:2)
  A worm (D:2)
  A dart slug (D:1)
  A ball python (D:1)
  3 bats (D:1)
  7 hobgoblins (D:1)
  A frilled lizard (D:2)
  5 kobolds
  8 rats
29 creatures vanquished.

Notes
Turn   | Place    | Note
-------+----------+-------------------------------------------
     0 | D:1      | Hasart the Felid Transmuter began the quest for the Orb.
     0 | D:1      | Reached XP level 1. HP: 9/9 MP: 4/4
   421 | D:1      | Reached XP level 2. HP: 12/12 MP: 6/6
   555 | D:1      | Reached skill level 1 in Stealth
  1255 | D:1      | Learned a level 2 spell: Sticks to Snakes
  1541 | D:2      | Reached XP level 3. HP: 15/15 MP: 7/7
  2005 | D:2      | Succumbed to an adder's poison

Skill      XL: |  1  2  3 |
---------------+----------+-----
Stealth        | 1 |  1.7
Dodging        | 3 |  3.1
Transmutations | 3 |  3.1
Fighting       | |  1.0
Unarmed Combat | |  3.2
Spellcasting   | |  2.3

Action                   || total
-------------------------++-------
Melee: Unarmed           ||    95
       Headbutt          ||     4
       Bite              ||     6
       Punch             ||     1
 Cast: Beastly Appendage ||     9
       Sticks to Snakes  ||     1
 Stab: Sleeping          ||     5
  Eat: Chunk             ||     9
Armor: Skin              ||     6
Dodge: Dodged            ||    83
